 Dungeon Crawl Stone Soup version 0.30-a0-1164-ge08a67761e (webtiles) character file.

Game seed: 11227775777583897880

328735 olmar the Peltast (level 21, -8/141 HPs)
             Began as a Gargoyle Fighter on Apr 29, 2023.
             Was an Initiate of Gozag.
             Mangled by a vault warden
             ... wielding a +2 great sword of draining
              (54 damage)
             ... on level 2 of the Vaults on Apr 30, 2023.
             The game lasted 01:19:10 (62820 turns).

olmar the Peltast (Gargoyle Fighter)               Turns: 62820, Time: 01:19:11

Health: -8/141     AC: 33    Str: 37    XL:     21   Next: 70%
Magic:  1/21       EV: 24    Int:  5    God:    Gozag
Gold:   2447       SH: 11    Dex:  7    Spells: 20/20 levels left

rFire   + . .        O - +11 mace of Osman {freeze, Str+7 Int-5}
rCold   + + .        H - +3 warlock's mirror {omnireflect}
rNeg    + + .        J - +2 troll leather armour "Ule Dikk" {rPois rC+ Regen+}
rPois   ∞            V - +2 hood of the Assassin {Detect Stab+ Stlth++}
rElec   +            b - scarf {rC+ rF+}
rCorr   .            W - +3 Mad Mage's Maulers {Infuse+∞ VampMP -Cast}
SInv    .            B - +1 pair of boots {Stlth+}
Will    ++...        a - amulet of regeneration
Stlth   +++++++++    X - ring of positive energy
HPRegen 2.03/turn    x - ring of the Hare {EV+10}
MPRegen 0.17/turn

%: no spellcasting, reflection, infuse magic (1 MP)
@: about to teleport, flying
A: sickness immunity, AC +16, big wings, negative energy resistance 1,
electricity resistance, torment resistance 1, petrification resistance, talons
1, clumsy 1, strong-willed 1
}: 2/15 runes: decaying, serpentine
a: Renounce Religion, Potion Petition, Call Merchant, Bribe Branch


You were on level 2 of the Vaults.
You worshipped Gozag.
Gozag was most pleased with you.
You visited 8 branches of the dungeon, and saw 36 of its levels.
You visited 1 bazaar.
You also visited: Bailey and Gauntlet.

You collected 15469 gold pieces.
You spent 6810 gold pieces at shops.
You paid 6212 gold pieces to Gozag.

Inventory:

Hand Weapons
 u - the +12 mace of Histrionic True Grit {holy, rC+ Str+3 Dex-2}
   (You took it off a deep elf death mage on level 3 of the Elven Halls)

   Str:       It affects your strength (+3).
   Dex:       It affects your dexterity (-2).
   rC:        It protects you from cold.
 O - the +11 mace of Osman (weapon) {freeze, Str+7 Int-5}
   (You bought it in a shop on level 12 of the Dungeon)

   Str:       It affects your strength (+7).
   Int:       It affects your intelligence (-5).
Missiles
 M - 6 throwing nets
Armour
 b - a scarf of resistance (worn)
 B - a +1 pair of boots of stealth (worn)
 H - the +3 warlock's mirror (worn) {omnireflect}
   (You found it in a bailey)

   Omnireflect: It can block and reflect piercing ranged attacks and magical
   attacks against the wielder's willpower.
 J - the +2 troll leather armour "Ule Dikk" (worn) {rPois rC+ Regen+}
   (You found it in a bailey)

   rC:        It protects you from cold.
   rPois:     It protects you from poison.
   Regen:     It increases your rate of health regeneration.
 U - the -1 pair of gloves of the Writhing Gods {rC+ rN+ Str-3}
   (You bought it in a shop on level 10 of the Dungeon)

   Str:       It affects your strength (-3).
   rC:        It protects you from cold.
   rN:        It protects you from negative energy.
 V - the +2 hood of the Assassin (worn) {Detect Stab+ Stlth++}
   (You bought it in a shop on level 10 of the Dungeon)

   Detect:    It allows the wearer to sense nearby creatures.
   Stab+:     It allows the wearer to make particularly effective stabbing
   attacks against helpless or unaware enemies with any weapon.
   Stlth:     It makes you much more stealthy.
 W - the +3 Mad Mage's Maulers (worn) {Infuse+∞ VampMP -Cast}
   (You bought it in a shop on level 10 of the Dungeon)

   Infuse+∞: It empowers its wearer's blows with all of their magic.
   VampMP:    Blows struck in melee replenish the wearer's magic.
   -Cast:     It prevents spellcasting.
Jewellery
 a - an amulet of regeneration (around neck)
 h - an amulet of reflection
 o - a ring of positive energy
 r - a ring of protection from cold
 t - a ring of see invisible
 x - the ring of the Hare (right hand) {EV+10}
   (You found it on level 4 of the Lair of Beasts)

   [ring of evasion]

   EV:        It affects your evasion (+10).
 X - a ring of positive energy (left hand)
Wands
 c - a wand of digging (14)
 m - a wand of roots (7)
 w - a wand of flame (61)
 C - a wand of polymorph (35)
 Q - a wand of light (16)
 Y - a wand of mindburst (17)
 Z - a wand of paralysis (37)
Scrolls
 e - 2 scrolls of brand weapon
 i - 7 scrolls of blinking
 k - 7 scrolls of butterflies
 l - 4 scrolls of silence
 v - 11 scrolls of enchant weapon
 z - 7 scrolls of enchant armour
 D - 4 scrolls of poison
 I - 9 scrolls of fog
 N - 4 scrolls of magic mapping
 P - 5 scrolls of fear
 S - 20 scrolls of teleportation
Potions
 d - 3 potions of might
 f - 15 potions of curing
 j - 11 potions of mutation
 n - 13 potions of lignification
 p - 3 potions of berserk rage
 q - 7 potions of haste
 s - a potion of ambrosia
 A - 7 potions of attraction
 E - a potion of resistance
 F - 3 potions of cancellation
 G - 4 potions of invisibility
 K - 10 potions of heal wounds
 L - a potion of brilliance
Miscellaneous
 y - a phantom mirror
 T - a piece from Xom's chessboard (15/15) (quivered)


   Skills:
 + Level 18.1 Fighting
 + Level 17.7 Maces & Flails
 + Level 0.3 Throwing
 + Level 11.0 Armour
 + Level 13.6 Dodging
 + Level 18.8 Stealth
 + Level 19.8 Shields
 + Level 1.1 Evocations


You had 20 spell levels left.
You didn't know any spells.
Your spell library contained the following spells:

 Spells                   Type           Power      Damage    Failure   Level
 Apportation              Tloc           0%         N/A       52%         1
 Beastly Appendage        Tmut           0%         N/A       52%         1
 Freeze                   Ice            0%         1d3       52%         1
 Magic Dart               Conj           0%         1d3       52%         1
 Necrotise                Necr           0%         1d4       52%         1
 Sting                    Tmut/Pois      0%         1d3       52%         1
 Blink                    Tloc           0%         N/A       65%         2
 Call Imp                 Summ           0%         N/A       65%         2
 Lesser Beckoning         Tloc           0%         N/A       65%         2
 Momentum Strike          Conj/Tloc      0%         3d8       65%         2
 Poisonous Vapours        Pois/Air       0%         N/A       65%         2
 Searing Ray              Conj           0%         2d4       65%         2
 Wereblood                Tmut           0%         N/A       65%         2
 Dazzling Flash           Conj/Hex       0%         N/A       87%         3
 Frozen Ramparts          Ice            0%         1d1       87%         3
 Hailstorm                Conj/Ice       0%         3d3       87%         3
 Ignite Poison            Fire/Tmut/Pois 0%         N/A       87%         3
 Inner Flame              Hex/Fire       0%         N/A       87%         3
 Mephitic Cloud           Conj/Pois/Air  0%         N/A       87%         3
 Portal Projectile        Hex/Tloc       0%         N/A       87%         3
 Spider Form              Tmut/Pois      0%         N/A       87%         3
 Summon Guardian Golem    Hex/Summ       0%         N/A       87%         3
 Swiftness                Air            0%         N/A       87%         3
 Teleport Other           Tloc           0%         N/A       87%         3
 Tukima's Dance           Hex            0%         N/A       87%         3
 Vampiric Draining        Necr           0%         2d6       87%         3
 Volatile Blastmotes      Fire/Tloc      0%         2d10      87%         3
 Animate Armour           Summ/Erth      0%         N/A       99%         4
 Dispel Undead            Necr           0%         3d6       99%         4
 Fulminant Prism          Conj/Hex       0%         3d5       99%         4
 Ice Form                 Ice/Tmut       0%         N/A       99%         4
 Iskenderun's Mystic Bla  Conj/Tloc      0%         2d3       99%         4
 Leda's Liquefaction      Hex/Erth       0%         N/A       99%         4
 Manifold Assault         Tloc           0%         N/A       99%         4
 Olgreb's Toxic Radiance  Pois           0%         N/A       99%         4
 Petrify                  Tmut/Erth      0%         N/A       99%         4
 Summon Ice Beast         Ice/Summ       0%         N/A       99%         4
 Summon Lightning Spire   Summ/Air       0%         N/A       99%         4
 Agony                    Necr           0%         N/A       100%        5
 Alistair's Intoxication  Tmut/Pois      0%         N/A       100%        5
 Blade Hands              Tmut           0%         N/A       100%        5
 Borgnjor's Vile Clutch   Necr/Erth      0%         N/A       100%        5
 Fireball                 Conj/Fire      0%         3d3       100%        5
 Freezing Cloud           Conj/Ice/Air   0%         6-21      100%        5
 Irradiate                Conj/Tmut      0%         3d11      100%        5
 Iskenderun's Battlesphe  Conj           0%         2d6       100%        5
 Lee's Rapid Deconstruct  Erth           0%         3d4*      100%        5
 Summon Forest            Summ/Tloc      0%         N/A       100%        5
 Summon Mana Viper        Hex/Summ       0%         N/A       100%        5
 Yara's Violent Unravell  Hex/Tmut       0%         3d3       100%        5
 Conjure Ball Lightning   Conj/Air       0%         3x3d6     100%        6
 Death Channel            Necr           0%         N/A       100%        6
 Dispersal                Tloc           0%         N/A       100%        6
 Eringya's Noxious Bog    Tmut/Pois      0%         N/A       100%        6
 Iron Shot                Conj/Erth      0%         9d1       100%        6
 Plasma Beam              Fire/Air       0%         2x1d11    100%        6
 Starburst                Conj/Fire      0%         6d3       100%        6
 Summon Cactus Giant      Summ           0%         N/A       100%        6
 Enfeeble                 Hex            0%         N/A       100%        7
 Monstrous Menagerie      Summ           0%         N/A       100%        7
 Orb of Destruction       Conj           0%         9d5       100%        7
 Ozocubu's Refrigeration  Ice            0%         4d7       100%        7
 Spellforged Servitor     Conj/Summ      0%         N/A       100%        7
 Storm Form               Tmut/Air       0%         N/A       100%        7
 Summon Hydra             Summ           0%         N/A       100%        7
 Disjunction              Tloc           0%         N/A       100%        8
 Maxwell's Capacitive Co  Air            0%         ∞         100%        8
 Necromutation            Tmut/Necr      0%         N/A       100%        8
 Polar Vortex             Ice            0%         N/A       100%        9
 Cigotuvi's Dreadful Rot  Necr/Pois/Air  Unusable   N/A       N/A         2
 Sublimation of Blood     Necr           Unusable   N/A       N/A         2
 Simulacrum               Ice/Necr       Unusable   N/A       N/A         6
 Statue Form              Tmut/Erth      Unusable   N/A       N/A         6

Dungeon Overview and Level Annotations

Branches:
Dungeon (15/15)            Temple (1/1) D:6            Lair (5/5) D:10
  Swamp (4/4) Lair:3        Snake (4/4) Lair:3        Slime (0/5) Lair:5
    Orc (2/2) D:9             Elf (3/3) Orc:2        Vaults (2/5) D:14
 Depths (0/4) D:15         Bailey (visited)         Gauntlet (visited)
  Crypt: Vaults:2-3

Altars:
Ashenzari
Dithmenos
Elyvilon
Fedhas
Gozag
Hepliaklqana
Makhleb
Nemelex Xobeh
Okawaru
Qazlal
Ru
Sif Muna
Trog
Vehumet
Wu Jian
Xom
Zin
The Shining One

Shops:
D:10 [   D:12 (   D:15 [![   Orc:1 !   Orc:2 :*?   Elf:1 [   Swamp:1 *
Snake:2 ?   Snake:3 :*[*!   Vaults:1 [*:

Annotations:
D:4 1 runed translucent door, Crazy Yiuf
Elf:2 3 runed translucent doors
Abyss:1 Joseph


Innate Abilities, Weirdness & Mutations

You are immune to sickness and miasma.
Your stone body is resilient. (AC +16)
You are immune to poison.
Your large and strong wings let you fly.
You resist negative energy. (rN+)
You are resistant to electric shocks. (rElec)
You are resistant to unholy torment.
You are immune to petrification.
You have sharp toenails.
You are clumsy. (Dex -2)
You are strong-willed. (Will+)


Message History

Aim: a centaur warrior (chance to affect: 34%)
Okay, then.
As you read the scroll of teleportation, it crumbles to dust.
You feel strangely unstable.
The centaur warrior completely misses you.
The centaur warrior kicks you but does no damage.
The ironbound convoker gestures at the ettin while chanting.
The ettin seems to grow stronger.
The vault guard closely misses you.
The ironbound convoker hits you but does no damage.
The ettin closely misses you. The ettin completely misses you.
Unknown command.
Unknown command.
Unknown command.
You barely miss the vault warden.
The vault warden is severely wounded.
The harpy claws you but does no damage. The harpy completely misses you.
The centaur warrior hits you but does no damage.
The centaur warrior completely misses you.
The vault sentinel unwields a +1 morningstar of venom.
It stops dripping with poison.
The vault sentinel wields a +0 arbalest.
The vault sentinel shoots a bolt.
You block the bolt with your +3 warlock's mirror {omnireflect}... and reflect it back!
The bolt hits the harpy!
The vault guard barely misses you.
The ironbound convoker barely misses you.
The vault warden hits you with a +2 great sword of draining!
The ettin hits you with a +0 dire flail!! x2
* * * LOW HITPOINT WARNING * * *
Unknown command.
You feel much better. You block the harpy's attack.
The harpy completely misses you.
The centaur warrior completely misses you.
The centaur warrior kicks you but does no damage.
The ironbound convoker closely misses you.
The vault guard completely misses you. The centaur warrior closely misses you.
The centaur warrior kicks you but does no damage.
The ironbound convoker misses you.
The vault warden hits you with a +2 great sword of draining!!!
You die...
Your body crumbles into a pile of gold.

###############
########......#ppHp./+
.......'.))...+c@....+
.......#......#ppC..[+
.......###############
.......# .......#
.......# #'####+######
..............
..............


You could see a vault warden (strong), a vault guard, an ettin (strong), a
centaur warrior, a vault sentinel, 2 ironbound convokers and a harpy.

Vanquished Creatures
  Zenata (Vaults:1)
  A tentacled monstrosity (Swamp:3)
  Rupert (D:15)
  2 deep elf blademasters (Elf:3)
  Jorgrun (Orc:1)
  Asterion (Snake:3)
  2 deep elf master archers (Elf:3)
  2 thorn hunters
  Kirke (D:15)
  8 nagarajas
  5 fenstrider witches (Swamp:4)
  Roxanne (Elf:3)
  A frost giant (D:14)
  6 deep elf sorcerers (Elf:3)
  4 vault wardens
  Aizul (Snake:3)
  4 deep elf elementalists
  A ghoul (Swamp:4)
  2 ironbound preservers (Vaults:1)
  2 ironbound thunderhulks (Vaults:1)
  5 deep elf demonologists
  3 very ugly things
  3 stone giants
  6 deep elf annihilators (Elf:3)
  2 eleionomae
  A minotaur (Gauntlet)
  Snorg (Lair:4)
  A green death (Swamp:4)
  8 bunyips
  6 deep elf death magi
  A blizzard demon (Swamp:4)
  3 ettins
  2 shambling mangroves
  2 yaktaur captains (Vaults:2)
  2 deep elf high priests (Elf:3)
  The ghost of Darkkill the Fighter, a journeyman MiHu of Gozag (D:10)
  A rakshasa (D:14)
  5 vault guards (D:14)
  A great orb of eyes (D:13)
  A salamander tyrant (Snake:4)
  Fannar (Lair:2)
  Erolcha (D:9)
  An ice dragon (D:15)
  19 hydras
  2 ogre magi (Swamp:4)
  3 ghost crabs
  15 centaur warriors
  3 ironbound frosthearts
  A two-headed ogre (shapeshifter) (D:13)
  16 anacondas
  A catoblepas (Lair:5)
  11 alligators
  2 demonspawn
  7 boulder beetles
  3 death knights
  3 two-headed ogres
  A hell hog (Gauntlet)
  4 tengu warriors
  A spriggan berserker (Swamp:4)
  12 death yaks
  14 dancing weapons
  11 naga warriors
  A soul eater (Orc:2)
  5 shock serpents
  13 naga sharpshooters
  10 spriggans
  An orc high priest (Orc:1)
  11 deep elf knights
  A skyshark (Lair:4)
  A fire crab (D:15)
  3 salamander mystics
  11 deep trolls
  A fire crab (shapeshifter) (D:14)
  7 skeletal warriors
  A deep troll (shapeshifter) (D:14)
  6 goliath frogs
  4 spriggan druids
  10 deep elf archers
  2 glowing orange brains (shapeshifter)
  A death drake (Swamp:4)
  4 naga ritualists
  4 swamp dragons
  A harpy (shapeshifter) (D:14)
  2 necromancers (D:15)
  5 ironbound convokers
  24 deep elf zephyrmancers
  4 orc knights
  4 lindwurms
  2 wizards
  25 deep elf pyromancers
  4 mana vipers
  4 harpies (Vaults:1)
  20 ugly things
  11 salamanders
  5 cyclopes
  6 manticores
  10 orc sorcerers
  4 will-o-the-wisps
  41 black mambas
  2 vault sentinels (Vaults:1)
  5 naga magi
  21 elephants
  2 rust devils
  2 orange demons (Swamp:4)
  3 torpor snails
  6 gargoyles
  5 guardian serpents (Snake:4)
  10 cane toads
  An unseen horror (D:13)
  8 komodo dragons
  8 yaktaurs
  A kobold demonologist (D:12)
  An efreet (D:14)
  A freezing wraith (D:14)
  2 rime drakes (Lair:5)
  2 meliai (D:14)
  A queen bee (Gauntlet)
  A meliai (shapeshifter) (D:14)
  7 polar bears
  13 hornets
  A bloated husk (Swamp:2)
  A red devil (Orc:2)
  9 tyrant leeches
  6 trolls
  A tarantella (shapeshifter) (Elf:2)
  A hellwing (Swamp:4)
  10 blink frogs
  2 raiju (Lair:5)
  8 dream sheep
  2 air elementals
  2 water elementals (Elf:1)
  6 shadows
  15 slime creatures
  4 wyverns
  3 vampires
  5 wraiths
  47 yaks
  A yak (shapeshifter) (Elf:2)
  5 basilisks
  5 fire bats (Gauntlet)
  A neqoxec (Swamp:4)
  7 fire elementals
  2 hogs (D:15)
  Eustachio (D:5)
  2 chaos spawn (Swamp:4)
  3 steam dragons
  A redback (D:13)
  11 vampire mosquitoes
  25 nagas
  5 wargs
  16 swamp worms
  2 acid dragons
  15 hell hounds
  12 water moccasins
  A swamp drake (Swamp:4)
  37 orc warriors
  2 ice beasts (D:6)
  14 black bears
  A sky beast (D:7)
  5 ogres
  12 wolves (Lair:5)
  2 boggarts (D:14)
  A tengu (D:6)
  10 centaurs
  4 phantoms
  5 kobold brigands
  Blork the orc (D:4)
  8 bullfrogs
  A gnoll sergeant (D:9)
  4 scorpions
  5 earth elementals
  2 troll zombies (D:9)
  13 killer bees
  7 vampire bats (Bailey)
  6 wolf zombies (Bailey)
  3 electric eels
  10 howler monkeys
  2 hounds
  2 jellies
  24 orc priests
  2 gnoll boudas
  3 sleepcaps
  4 iguanas
  24 orc wizards
  3 ogre zombies (D:9)
  16 gnolls
  3 adders (D:5)
  A white imp (D:7)
  An ufetubus (D:6)
  3 worms
  2 dart slugs
  106 orcs
  4 bats
  6 endoplasms
  3 giant cockroaches
  8 goblins
  5 hobgoblins
  5 quokkas
  8 ball pythons
  2 frilled lizards
  2 goblin skeletons (D:9)
  3 goblin zombies (D:9)
  2 hobgoblin zombies (D:9)
  25 kobolds
  23 orc zombies
  3 rats
  2 butterflies (Lair:4)
1293 creatures vanquished.

Vanquished Creatures (others)
  An ironbound thunderhulk (Vaults:1)
  A deep elf demonologist (Elf:3)
  An orc high priest (Orc:2)
  A wizard (D:14)
  A water elemental (Elf:3)
  2 humans (D:15)
  A swamp worm (Swamp:2)
  A wolf (Lair:5)
  An orc priest (Orc:2)
  An orc wizard (D:11)
  2 orcs (Orc:1)
  2 briar patches (Swamp:4)
  12 foxfires
  55 fungi
  59 plants
141 creatures vanquished.

Grand Total: 1434 creatures vanquished

Notes
Turn   | Place    | Note
-------+----------+-------------------------------------------
     0 | D:1      | olmar the Gargoyle Fighter began the quest for the Orb.
     0 | D:1      | Reached XP level 1. HP: 14/14 MP: 1/1
   282 | D:1      | Reached XP level 2. HP: 19/19 MP: 2/2
  1176 | D:2      | Reached XP level 3. HP: 21/23 MP: 3/3
  1386 | D:3      | Found a glowing silver altar of Zin.
  1543 | D:3      | Found a glowing golden altar of the Shining One.
  2128 | D:4      | Reached skill level 4 in Shields
  2128 | D:4      | Reached XP level 4. HP: 28/28 MP: 4/4
  2268 | D:4      | Reached XP level 5. HP: 18/33 MP: 5/5
  2455 | D:4      | Found a runed translucent door.
  2456 | D:4      | Noticed Crazy Yiuf
  2560 | D:4      | Noticed Blork the orc
  2570 | D:4      | Gained mutation: You are clumsy. (Dex -2) [potion of
                  | mutation]
  2570 | D:4      | Gained mutation: You are strong-willed. (Will+) [potion of
                  | mutation]
  2570 | D:4      | Gained mutation: You have sharp toenails. [potion of
                  | mutation]
  2574 | D:4      | Killed Blork the orc
  2923 | D:5      | Entered Level 5 of the Dungeon
  3000 | D:5      | Reached XP level 6. HP: 38/38 MP: 6/6
  3002 | D:5      | Noticed Eustachio
  3040 | D:5      | Killed Eustachio
  3041 | D:5      | Reached skill level 1 in Dodging
  3187 | D:5      | Noticed a water moccasin
  3201 | D:5      | Killed a water moccasin
  3202 | D:5      | Reached skill level 5 in Armour
  3202 | D:5      | Reached skill level 1 in Stealth
  3202 | D:5      | Reached XP level 7. HP: 27/43 MP: 7/7
  3595 | D:5      | Reached skill level 5 in Maces & Flails
  3649 | D:5      | Reached skill level 5 in Shields
  3726 | D:5      | Reached XP level 8. HP: 47/48 MP: 8/8
  3899 | D:5      | Reached skill level 5 in Fighting
  4879 | D:6      | Reached XP level 9. HP: 49/55 MP: 9/9
  5025 | D:6      | Found a staircase to the Ecumenical Temple.
  5037 | Temple   | Entered the Ecumenical Temple
  5052 | Temple   | Became a worshipper of Gozag Ym Sagoz the Greedy
  5663 | D:7      | Reached skill level 6 in Shields
  6046 | D:7      | Found a white marble altar of Elyvilon.
  6086 | D:7      | Noticed Joseph
  6096 | D:7      | Banished Joseph
  6097 | D:7      | Reached XP level 10. HP: 39/61 MP: 10/10
  6291 | D:7      | Found a blossoming altar of Fedhas.
  6431 | D:7      | Found a broken altar of Ashenzari.
  6934 | D:8      | Noticed a kobold demonologist
  6945 | D:8      | Banished a kobold demonologist
  6970 | D:8      | Found a bloodstained altar of Trog.
  7031 | D:8      | Found a flagged portal.
  7036 | D:8      | Reached skill level 7 in Shields
  7068 | Bailey   | Entered a bailey
  7429 | Bailey   | Noticed a gargoyle
  7437 | Bailey   | Killed a gargoyle
  7528 | Bailey   | Found the +3 warlock's mirror {omnireflect}
  7558 | Bailey   | Identified the +2 troll leather armour "Ule Dikk" {rPois
                  | rC+ Regen+}
  7601 | Bailey   | Got Zaogi's Codex of Macabre Energy
  7989 | D:9      | Reached skill level 10 in Maces & Flails
  8208 | D:9      | Reached skill level 8 in Shields
  8289 | D:9      | Reached XP level 11. HP: 68/68 MP: 11/11
  8372 | D:9      | Found a staircase to the Orcish Mines.
  8785 | D:9      | Noticed Erolcha
  8810 | D:9      | Killed Erolcha
  9091 | Orc:1    | Entered Level 1 of the Orcish Mines
  9266 | Orc:1    | Found Ceonex's Distillery.
  9270 | Orc:1    | Bought a potion of degeneration for 15 gold pieces
  9270 | Orc:1    | Bought a potion of curing for 45 gold pieces
  9291 | Orc:2    | Entered Level 2 of the Orcish Mines
  9291 | Orc:2    | Noticed an orc knight
  9352 | Orc:1    | Banished an orc knight
  9474 | Orc:2    | Found a staircase to the Elven Halls.
  9578 | Orc:2    | Noticed an orc warlord
  9602 | Orc:1    | Noticed an orc knight
  9611 | Orc:1    | Noticed an orc sorcerer
  9612 | Orc:1    | Noticed an orc sorcerer
  9616 | Orc:1    | Noticed an orc high priest
  9619 | Orc:1    | Killed an orc knight
  9620 | Orc:1    | Reached skill level 5 in Dodging
  9647 | Orc:1    | Killed an orc sorcerer
  9658 | Orc:1    | Killed an orc sorcerer
  9677 | Orc:1    | Killed an orc high priest
  9678 | Orc:1    | Reached skill level 9 in Shields
  9882 | Orc:1    | Noticed Jorgrun
  9904 | Orc:1    | Killed Jorgrun
  9905 | Orc:1    | Reached skill level 5 in Stealth
  9974 | Orc:2    | Found Citeutehoa's Book Shop.
 10031 | Orc:2    | Reached XP level 12. HP: 76/76 MP: 12/12
 10058 | Orc:2    | Found Zyeton's General Store.
 10060 | Orc:2    | Found Nanan's Magic Scroll Shop.
 10258 | Orc:1    | Banished an orc warlord
 10538 | Orc:2    | Reached skill level 10 in Shields
 10569 | Orc:2    | Noticed a soul eater
 10588 | Orc:2    | Killed a soul eater
 10879 | Orc:2    | Bought a scroll of magic mapping for 120 gold pieces
 10879 | Orc:2    | Bought a scroll of torment for 152 gold pieces
 10881 | Orc:2    | Bought a potion of might for 44 gold pieces
 10881 | Orc:2    | Bought a scroll of blinking for 82 gold pieces
 10881 | Orc:2    | Bought a potion of berserk rage for 55 gold pieces
 10955 | Orc:2    | Paralysed by an orc sorcerer for 3 turns
 10990 | Orc:2    | Paralysed by an orc sorcerer for 5 turns
 11332 | Orc:2    | Noticed an orc high priest
 11360 | Orc:2    | Killed an orc high priest
 12343 | Orc:2    | Noticed an orc high priest
 12344 | Orc:2    | Noticed an orc high priest
 12348 | Orc:2    | Noticed a demonspawn
 12393 | Orc:1    | Killed a demonspawn
 12394 | Orc:1    | Reached skill level 10 in Fighting
 12478 | Orc:2    | Noticed an orc high priest
 12483 | Orc:2    | Noticed a demonspawn
 12487 | Orc:2    | Banished an orc high priest
 12490 | Orc:2    | Noticed an orc high priest
 12523 | Orc:1    | Upgraded the game from 0.30-a0-1163-gf69bf04e7a to
                  | 0.30-a0-1164-ge08a67761e
 12596 | Orc:2    | Banished an orc high priest
 12632 | Orc:2    | Killed a demonspawn
 12633 | Orc:2    | Reached skill level 11 in Shields
 12633 | Orc:2    | Reached XP level 13. HP: 79/82 MP: 13/13
 12718 | D:10     | Entered Level 10 of the Dungeon
 12733 | D:10     | Noticed Psyche
 12848 | D:10     | Found an iron altar of Okawaru.
 12865 | D:10     | Found a runed translucent gate.
 12865 | D:10     | Found a runed translucent gate.
 12865 | D:10     | Found a runed translucent gate.
 12868 | D:10     | Identified the +8 chain mail of Eternal Vigilance {Int-4
                  | Dex+5}
 12872 | D:10     | Noticed Darkkill's ghost (journeyman MiHu)
 12896 | D:10     | Found an ornate altar of the Wu Jian Council.
 12943 | D:10     | Found a staircase to the Lair.
 13189 | D:10     | Found Gezutuh's Armour Emporium.
 13239 | D:10     | Psyche changed into Psyche the ogre
 13239 | D:10     | Noticed Psyche
 13249 | D:10     | Killed Psyche the ogre
 13264 | D:10     | Bought the -1 pair of gloves of the Writhing Gods {rC+ rN+
                  | Str-3} for 171 gold pieces
 13264 | D:10     | Bought the +2 hood of the Assassin {Detect Stab+ Stlth++}
                  | for 900 gold pieces
 13264 | D:10     | Found the +2 hood of the Assassin {Detect Stab+ Stlth++}
 13264 | D:10     | Bought the +3 Mad Mage's Maulers {Infuse+∞ VampMP -Cast}
                  | for 600 gold pieces
 13264 | D:10     | Found the +3 Mad Mage's Maulers {Infuse+∞ VampMP -Cast}
 13328 | D:10     | Found a stormy altar of Qazlal.
 13735 | D:10     | Found a sparkling altar of Nemelex Xobeh.
 14365 | D:10     | Killed Darkkill's ghost
 14625 | D:11     | You fall into a shaft and drop 3 floors!
 14798 | D:14     | Found a runed translucent door.
 14981 | D:14     | Identified the +5 dagger of the Shining Light {speed,
                  | *Noise Will+ Stlth+}
 15155 | D:14     | Reached skill level 12 in Shields
 15380 | D:14     | Gained mutation: Your large and strong wings let you fly.
                  | [Gargoyle growth]
 15380 | D:14     | Reached XP level 14. HP: 56/90 MP: 1/14
 15461 | D:14     | Noticed a frost giant
 15465 | D:14     | Killed a frost giant
 15909 | D:14     | Found a gate to the Vaults.
 16669 | D:12     | Reached skill level 10 in Stealth
 17756 | Lair:1   | Entered Level 1 of the Lair of Beasts
 18304 | Lair:1   | Reached skill level 13 in Shields
 19699 | Lair:2   | Noticed Fannar
 19706 | Lair:2   | Killed Fannar
 19986 | Lair:2   | Reached XP level 15. HP: 96/96 MP: 0/15
 20846 | Lair:3   | Found a staircase to the Snake Pit.
 20980 | Lair:3   | Reached skill level 10 in Armour
 20980 | Lair:3   | Reached XP level 16. HP: 103/103 MP: 16/16
 21440 | Lair:3   | Found a staircase to the Swamp.
 21810 | Lair:4   | Found a gate leading to a gauntlet.
 21819 | Gauntlet | Entered a Gauntlet
 21819 | Gauntlet | Found a transporter.
 21826 | Gauntlet | Found a transporter.
 21829 | Gauntlet | Found a transporter.
 21830 | Gauntlet | Found a transporter.
 21838 | Gauntlet | Found a transporter.
 21841 | Gauntlet | Found a transporter.
 21842 | Gauntlet | Found a transporter.
 21854 | Gauntlet | Found a transporter.
 21855 | Gauntlet | Found a transporter.
 21856 | Gauntlet | Found a transporter.
 21866 | Gauntlet | Found a transporter.
 21867 | Gauntlet | Found a transporter.
 21871 | Gauntlet | Found a transporter.
 21876 | Gauntlet | Found a transporter.
 22852 | Lair:4   | Found the ring of the Hare {EV+10}
 22910 | Lair:4   | Reached skill level 14 in Shields
 23811 | Lair:4   | Noticed Snorg
 23818 | Lair:4   | Killed Snorg
 24215 | Lair:5   | Entered Level 5 of the Lair of Beasts
 24221 | Lair:5   | Reached skill level 10 in Dodging
 25363 | Lair:5   | Reached XP level 17. HP: 109/109 MP: 2/17
 25818 | Lair:5   | Found a staircase to the Slime Pits.
 26431 | Lair:5   | Reached skill level 15 in Shields
 26573 | Lair:5   | Identified the staff of earth "Gagro Uverch" {Fly rCorr
                  | Dex-2}
 28221 | D:12     | Bought the +11 mace of Osman {freeze, Str+7 Int-5} for 1217
                  | gold pieces
 31253 | D:13     | Reached skill level 15 in Maces & Flails
 31424 | D:13     | Identified the +8 halberd "Depsaidd" {heavy, rF++ rN++
                  | Int-5}
 32219 | D:15     | Entered Level 15 of the Dungeon
 32255 | D:15     | Found a staircase to the Depths.
 32471 | D:15     | Noticed Kirke
 32479 | D:15     | Reached XP level 18. HP: 118/118 MP: 4/18
 32480 | D:15     | Killed Kirke
 32782 | D:15     | Reached skill level 16 in Shields
 32861 | D:15     | Noticed Rupert
 32869 | D:15     | Killed Rupert
 33450 | D:15     | Bought a potion of mutation for 120 gold pieces
 33450 | D:15     | Bought a potion of resistance for 150 gold pieces
 33450 | D:15     | Bought a potion of mutation for 120 gold pieces
 33450 | D:15     | Bought 2 potions of berserk rage for 150 gold pieces
 33450 | D:15     | Bought a potion of invisibility for 120 gold pieces
 33450 | D:15     | Bought a potion of lignification for 45 gold pieces
 33598 | D:15     | Reached skill level 15 in Fighting
 34064 | Elf:1    | Entered Level 1 of the Elven Halls
 34374 | Elf:1    | Found Aster's Antique Armour Shop.
 34409 | Elf:1    | Reached skill level 15 in Stealth
 34411 | Elf:1    | Identified the +3 scale mail of Eye-covered Wonder {Regen+
                  | Int+3}
 36262 | Elf:1    | Paralysed by an air elemental for 1 turns
 37304 | Elf:2    | Found a shimmering blue altar of Sif Muna.
 38142 | Elf:2    | Found a runed translucent gate.
 38142 | Elf:2    | Found a runed translucent gate.
 38142 | Elf:2    | Found a runed translucent gate.
 38363 | Elf:3    | Entered Level 3 of the Elven Halls
 38363 | Elf:3    | Identified Roxanne's Information on Detritus
 38363 | Elf:3    | Noticed Roxanne
 38384 | Elf:3    | Killed Roxanne
 38385 | Elf:3    | Reached skill level 17 in Shields
 39164 | Elf:3    | Found a gateway to a bazaar.
 39193 | Bazaar   | Entered a bazaar
 39193 | Bazaar   | Found Siutecka's Book Emporium.
 39197 | Bazaar   | Found Ycimosi's Distillery.
 39319 | Bazaar   | Found Maghetiy's Book Shoppe.
 39325 | Bazaar   | Found Nuicranu's Distillery.
 39330 | Bazaar   | Found Hudyv's Jewellery Shoppe.
 39348 | Bazaar   | Bought a potion of curing for 33 gold pieces
 39348 | Bazaar   | Bought a potion of haste for 110 gold pieces
 39348 | Bazaar   | Bought a potion of heal wounds for 55 gold pieces
 39348 | Bazaar   | Bought a potion of haste for 110 gold pieces
 39348 | Bazaar   | Bought a potion of heal wounds for 55 gold pieces
 39378 | Bazaar   | Bought 2 potions of lignification for 78 gold pieces
 39378 | Bazaar   | Bought a potion of curing for 39 gold pieces
 39378 | Bazaar   | Bought a potion of curing for 39 gold pieces
 39378 | Bazaar   | Bought a potion of haste for 130 gold pieces
 39378 | Bazaar   | Bought a potion of haste for 130 gold pieces
 39378 | Bazaar   | Bought a potion of might for 52 gold pieces
 39579 | Elf:3    | Reached XP level 19. HP: 124/124 MP: 4/19
 41274 | Elf:3    | Identified the +8 flail "Grim" {speed, rCorr}
 41303 | Elf:3    | Identified the +12 mace of Histrionic True Grit {holy, rC+
                  | Str+3 Dex-2}
 41305 | Elf:3    | Identified the amulet "Karuss" {Faith Fly Int+2 SInv}
 41309 | Elf:3    | Identified the ring "Cocw" {rElec Will+ EV+5 Str-3}
 41313 | Elf:3    | Identified the +0 troll leather armour "Ysodikh" {Fly Will+
                  | Regen+}
 41882 | Elf:3    | Identified the +1 scale mail "Zaleum" {rF+}
 42524 | Elf:3    | Noticed a Brimstone Fiend
 42532 | Elf:3    | Noticed a Brimstone Fiend
 43234 | Elf:3    | Got the Tome of the Cankerous Blink Frog
 43238 | Elf:3    | Got the Dissertation on Turbulent Algor
 43242 | Elf:3    | Got Sif Muna's Further Steps in Hidden Knowledge
 43263 | Elf:3    | Identified the staff of conjuration "Ydwegyrya" {rC+ Dex+3}
 43269 | Elf:3    | Identified the +4 arbalest of Tazu {drain, Contam rF+ rN+
                  | Dex+4}
 43853 | Swamp:1  | Entered Level 1 of the Swamp
 44335 | Swamp:1  | Reached skill level 1 in Evocations
 44457 | Swamp:1  | Found Toetiry's Island Escapes.
 44466 | Swamp:1  | Bought a scroll of blinking for 112 gold pieces
 44466 | Swamp:1  | Bought a scroll of blinking for 112 gold pieces
 44466 | Swamp:1  | Bought a scroll of fog for 60 gold pieces
 44466 | Swamp:1  | Bought a scroll of teleportation for 45 gold pieces
 44466 | Swamp:1  | Bought a scroll of teleportation for 45 gold pieces
 44466 | Swamp:1  | Bought a scroll of teleportation for 45 gold pieces
 46534 | Swamp:2  | Identified the +1 leather armour of Pan-Flutes {rElec}
 47878 | Swamp:3  | Reached skill level 18 in Shields
 48077 | Swamp:3  | Noticed a tentacled monstrosity
 48087 | Swamp:3  | Killed a tentacled monstrosity
 49156 | Swamp:4  | Entered Level 4 of the Swamp
 49203 | Swamp:4  | Reached XP level 20. HP: 132/132 MP: 10/20
 50374 | Swamp:4  | Got a decaying rune of Zot
 50584 | Snake:1  | Entered Level 1 of the Snake Pit
 51923 | Snake:2  | Identified the +1 dagger of the Bedazzled God {freeze,
                  | MP+9}
 52424 | Snake:2  | Found Qipo's Magic Scroll Boutique.
 52445 | Snake:2  | Bought a scroll of teleportation for 60 gold pieces
 52445 | Snake:2  | Bought a scroll of poison for 80 gold pieces
 52445 | Snake:2  | Bought a scroll of teleportation for 60 gold pieces
 53178 | Snake:2  | Identified the +4 whip of Chaos {freeze, rC- Str+6}
 54016 | Snake:3  | Noticed Aizul
 54033 | Snake:3  | Killed Aizul
 54896 | Snake:3  | Noticed Asterion
 54900 | Snake:3  | Killed Asterion
 54931 | Snake:3  | Found Ockew's Distillery.
 54934 | Snake:3  | Found Dacsu's Armour Boutique.
 54934 | Snake:3  | Found Ujiesustroe's General Store.
 54934 | Snake:3  | Found Mawueq's General Store.
 54988 | Snake:3  | Bought a potion of heal wounds for 75 gold pieces
 54988 | Snake:3  | Bought a potion of heal wounds for 75 gold pieces
 54988 | Snake:3  | Bought a potion of mutation for 120 gold pieces
 54988 | Snake:3  | Bought a potion of lignification for 45 gold pieces
 54988 | Snake:3  | Bought a potion of curing for 45 gold pieces
 54988 | Snake:3  | Bought a potion of curing for 45 gold pieces
 54997 | Snake:3  | Bought a scroll of teleportation for 51 gold pieces
 54997 | Snake:3  | Bought a scroll of enchant armour for 127 gold pieces
 55002 | Snake:3  | Bought a potion of heal wounds for 75 gold pieces
 55002 | Snake:3  | Bought a scroll of fear for 60 gold pieces
 55542 | Snake:3  | Found Beeloer's Book Emporium.
 56151 | Snake:4  | Entered Level 4 of the Snake Pit
 57572 | Snake:4  | Reached XP level 21. HP: 131/140 MP: 1/21
 57615 | Snake:4  | Reached skill level 19 in Shields
 58797 | Snake:4  | Got a serpentine rune of Zot
 59922 | Vaults:1 | Entered Level 1 of the Vaults
 59922 | Vaults:1 | Noticed Zenata
 59923 | Vaults:1 | Killed Zenata
 60702 | Vaults:1 | Found Papy's Book Boutique.
 61110 | Vaults:1 | Bought a scroll of enchant armour for 135 gold pieces
 61110 | Vaults:1 | Bought a wand of roots (2) for 86 gold pieces
 61110 | Vaults:1 | Bought a potion of invisibility for 144 gold pieces
 61112 | Vaults:1 | Bought a scroll of silence for 171 gold pieces
 62820 | Vaults:2 | Mangled by a vault warden

Illustrated notes

Levels and vault maps discovered:
D:1:      dpeg_arrival_tiny_a, layout_basic
D:2:      layout_basic, chequers_serial_rivers_micro_d,
          kennysheep_generic_room_9
D:3:      layout_loops_ring, mainiacjoe_overflow_chevrons, tso_altar
D:4:      cheibrodos_old_hovel, layout_cave_pools, grunt_ministairs_5,
          uniq_crazy_yiuf_cottage, uniq_blork_the_orc
D:5:      kb_forest_paths, layout_basic, uniq_eustachio
D:6:      layout_rooms, minmay_temple_entry_nine_rooms,
          ebering_dispersal_statue_hall
D:7:      minmay_flawed_box, layout_cave_pods, nicolae_elyvilon_peaceful_grove,
          fedhas_altar_3, mainiacjoe_overflow_surrounded_room, uniq_joseph
D:8:      layout_basic, trog_book, enter_bailey_4,
          chequers_serial_rivers_small_a
D:9:      layout_long_grid, zombieorc1_lemuel, serial_co_window_serial,
          co_window_paths_a, co_window_corner_a, co_window_paths_b,
          co_window_of_opportunity_a, co_window_paths_b, co_window_corner_a,
          co_window_broadway_a, co_window_unsneaky_path_e, co_window_corner_b,
          co_window_of_opportunity_c, co_window_2corner,
          co_window_of_opportunity_c, uniq_erolcha
D:10:     nicolae_whirlpool, layout_long_grid, kennysheep_little_box,
          marbit_many_paths, lemuel_doored_altar, nemelex_diamond_rough_becter,
          due_lair_maze_entry_diamond, serial_shops, shop,
          biasface_ghost_orc_armoury, grunt_decor_clamped, uniq_psyche
D:11:     layout_basic
D:12:     layout_loops_ring, special_room [special_room_orc]
D:13:     lemuel_troll_bridge, layout_basic,
          minmay_the_grid_square_5x5_3x3_mashed
          [minmay_the_grid_square_5x5_comb, minmay_the_grid_square_5x5_inner_v,
          minmay_the_grid_square_5x5_pentomino_r, minmay_the_grid_square_5x5_c,
          minmay_the_grid_square_5x5_megaprize_open,
          minmay_the_grid_square_5x5_two_walls_a,
          minmay_the_grid_square_5x5_mess,
          minmay_the_grid_square_5x5_checkered_sparse,
          minmay_the_grid_square_5x5_minivault]
D:14:     nzn_winding_woodlands_large [nzn_winding_woodlands_5x5_perimeter,
          nzn_winding_woodlands_5x15_eye, nzn_winding_woodlands_5x5_open_star,
          nzn_winding_woodlands_center_lodge,
          nzn_winding_woodlands_15x15_boxy_spiral,
          nzn_winding_woodlands_center_diamonds,
          nzn_winding_woodlands_5x5_three,
          nzn_winding_woodlands_5x15_concentric,
          nzn_winding_woodlands_5x5_checkerboard], layout_rooms, erik_vaults_2,
          nrook_mini_vaults, lightli_airlock
D:15:     hangedman_depths_entry_civil_slaughter, layout_basic,
          minmay_misc_feat_encased, grunt_tough_drop, uniq_rupert, uniq_kirke
Temple:   chequers_temple_sunken
Lair:1:   layout_roguey
Lair:2:   layout_regular_city, uniq_fannar
Lair:3:   layout_roguey, minmay_swamp_entry_reptiles, dummy_snake_entry
Lair:4:   layout_cave_shapes, gauntlet_entry_generic, lemuel_fruit_fields,
          infiniplex_staircase_pool_2, uniq_snorg
Lair:5:   hangedman_lair_caniforms_friends, layout_hall_layers,
          hangedman_lair_in_review, slime_entry_1
Swamp:1:  layout_falls_marsh, nicolae_swamp_very_dense_foliage, swamp_pool4,
          nicolae_swamp_round_clearing, nicolae_island_escapes
Swamp:2:  layout_basic_swamp, nicolae_swamp_little_swirl,
          nicolae_swamp_bunyip_nook
Swamp:3:  nicolae_swamp_ascending_descending, layout_basic_swamp,
          evilmike_swamp_ruin_house_2
Swamp:4:  nzn_swamp_witches_coven, layout_basic_swamp, swamp_pool1
Snake:1:  layout_concentric_octagons
Snake:2:  layout_chambers, serial_shops, shop, grunt_megastairs_2
Snake:3:  layout_layer_cave, serial_shops, nicolae_lakefront_shop,
          nicolae_wooded_promenade, nicolae_snake_gridmaze_waves,
          grunt_ministairs_13, uniq_aizul, uniq_asterion
Snake:4:  grunt_snake_rune_serpentine_throne, layout_cave_town
Orc:1:    layout_caves, serial_shops, nicolae_shop_back_alley_shop, uniq_jorgrun
Orc:2:    pf_orc_diabolical, layout_caves, serial_shops, shop,
          hellmonk_bongcloud_opening
Elf:1:    nicolae_elf_arrival_no_cutting_in_line, layout_geoelf_octagon,
          serial_shops, nicolae_shop_window_shopping, minivault_28,
          nicolae_elf_v_pinch, drop_trap, small_statue_intersection
Elf:2:    elven_hall_of_blades_hangedman_original [nicolae_blade_little_rooms],
          layout_geoelf_octagon, basic_altar, hangedman_elf_simple_split,
          guppyfry_library_mini
Elf:3:    elf_hall, layout_gridlike, serial_shops, bzr_entry_road, uniq_roxanne
Vaults:1: vaults_room_pools, vaults_room_grid,
          nicolae_vaults_security_offices_4, hangedman_vaults_corner,
          nicolae_vaults_cochlea, layout_vaults_chaotic_city, serial_shops,
          nicolae_shop_pleasant_corner_grove, uniq_zenata
Vaults:2: vaults_dpeg_spiral, ontoclasm_vaults_hangar, v_misc_28,
          dpeg_vaults_waves, ontoclasm_vaults_bender, ontoclasm_vaults_chip,
          nicolae_vaults_house_2, nicolae_vaults_trapezoid_lopsided_3,
          nicolae_vaults_storage_room_statues, nicolae_vaults_tetromino_L_1,
          layout_vaults_omnigrid

Skill      XL: |  1  2  3  4  5  6  7  8  9 10 11 12 13 14 15 16 17 18 19 20 21 |
---------------+----------------------------------------------------------------+-----
Armour         | 4 5 6 7 8 9 10 11 | 11.0
Maces & Flails | 3 4 5 7 8 10 11 12 13 14 15 16 17 | 17.7
Shields        | 4 5 6 8 9 11 12 13 14 15 17 18 19 | 19.8
Fighting       | 4 6 7 9 10 11 12 13 14 15 16 17 18 | 18.1
Dodging        | 1 2 3 4 5 6 7 8 9 10 11 12 13 | 13.6
Stealth        | 1 2 3 5 6 9 11 12 14 16 17 18 | 18.8
Evocations     | 1 |  1.1
Throwing       | |  0.3

Action                     |  1- 3 |  4- 6 |  7- 9 | 10-12 | 13-15 | 16-18 | 19-21 || total
---------------------------+-------+-------+-------+-------+-------+-------+-------++-------
  Melee: Flail             |   123 |   102 |   395 |       |       |       |       ||   620
         Kick              |       |    14 |   105 |    17 |       |       |       ||   136
         Whip              |       |       |    39 |   936 |   713 |   805 |       ||  2493
         Mace              |       |       |       |       |       |   692 |  1439 ||  2131
  Throw: Throwing net      |       |       |       |     1 |       |       |       ||     1
 Invoke: Potion Petition   |       |       |       |     1 |       |       |       ||     1
         Call Merchant     |       |       |       |       |       |     4 |     2 ||     6
  Evoke: Wand              |       |       |     1 |       |       |     2 |     2 ||     5
         Piece from Xom's  |       |       |       |     4 |       |       |       ||     4
         Phantom mirror    |       |       |       |       |       |       |     1 ||     1
    Use: Potion            |       |     8 |     1 |     6 |     2 |       |     4 ||    21
         Scroll            |       |       |     3 |    12 |     6 |     3 |     8 ||    32
   Stab: Sleeping          |       |       |       |     2 |    22 |    59 |    49 ||   132
         Distracted        |       |       |       |     2 |     7 |     7 |    21 ||    37
         Invisible         |       |       |       |     8 |       |       |       ||     8
         Paralysed         |       |       |       |     2 |       |       |       ||     2
         Petrified         |       |       |       |       |       |     1 |       ||     1
 Armour: Scale mail        |    70 |    96 |   208 |    95 |       |       |       ||   469
         Skin              |       |     2 |       |       |       |       |       ||     2
         Troll leather arm |       |       |       |   145 |   144 |   335 |   405 ||  1029
  Dodge: Dodged            |    47 |    77 |   283 |   467 |   225 |   793 |   886 ||  2778
  Block: Buckler           |    24 |    35 |    88 |   297 |   182 |   551 |   602 ||  1779
         Reflection        |       |       |       |    24 |    11 |    33 |    80 ||   148

Table legend: (Time is in decaauts)
 A = Elapsed time spent in this place.
 B = Non-inter-level travel time spent in this place.
 C = Inter-level travel time spent in this place.
 D = Time resting spent in this place.
 E = Time spent auto-exploring this place.
 F = Levels seen in this place.
 G = Mean time per level.
                   A        B        C        D        E       F      G
               +--------+--------+--------+--------+--------+-----+--------+
         Total |  61225 |  58789 |   2436 |   6710 |  41996 |  39 | 1569.9 |
       Dungeon |  19580 |  18349 |   1231 |   1151 |  13265 |  15 | 1305.3 |
        Temple |     34 |     19 |     15 |      0 |      0 |   1 |   34.0 |
          Lair |   9475 |   9033 |    442 |    249 |   7633 |   5 | 1895.0 |
         Swamp |   6536 |   6379 |    157 |   1017 |   4498 |   4 | 1634.0 |
     Snake Pit |   8962 |   8812 |    150 |    267 |   7414 |   4 | 2240.5 |
  Orcish Mines |   3431 |   3229 |    202 |   1525 |    869 |   2 | 1715.5 |
   Elven Halls |   9029 |   8822 |    207 |   2262 |   5434 |   3 | 3009.7 |
        Vaults |   2834 |   2806 |     28 |    132 |   2260 |   2 | 1417.0 |
        Bazaar |    205 |    205 |      0 |      0 |    138 |   1 |  205.0 |
        Bailey |    551 |    551 |      0 |    106 |    239 |   1 |  551.0 |
      Gauntlet |    584 |    584 |      0 |      0 |    246 |   1 |  584.0 |
               +--------+--------+--------+--------+--------+-----+--------+

Top non-repeatable levels by time:
   Elf:3: 4720 daAuts
  Lair:5: 3522 daAuts
 Snake:4: 3410 daAuts
   Orc:2: 2574 daAuts
   Elf:1: 2470 daAuts
    D:13: 2419 daAuts
Vaults:1: 2296 daAuts
    D:14: 2263 daAuts
 Snake:3: 2203 daAuts
 Snake:2: 2040 daAuts
    D:10: 1964 daAuts
 Swamp:2: 1857 daAuts
   Elf:2: 1838 daAuts
  Lair:4: 1804 daAuts
 Swamp:1: 1765 daAuts
